 Dungeon Crawl Stone Soup version 0.27-a0-362-g8331d791d5 (webtiles) character file.

Game seed: 4622200645381593121

7788 EnegeticOcto the Martial Artist (level 10, -5/86 HPs)
             Began as a Demigod Transmuter on Feb 16, 2021.
             Killed from afar by Erica (48 damage)
             ... with a bolt of poison
             ... on level 10 of the Dungeon.
             The game lasted 00:22:38 (11595 turns).

EnegeticOcto the Martial Artist (DgTm)             Turns: 11595, Time: 00:22:39

Health: -5/86      AC:  6    Str: 13    XL:     10   Next: 70%
Magic:  14/16      EV: 21    Int: 27    God:
Gold:   247        SH:  0    Dex: 19    Spells: 6/13 levels left

rFire    . . .     SeeInvis .     - Unarmed
rCold    . . .     Faith    .   (shield currently unavailable)
rNeg     . . .     Spirit   .   (armour currently unavailable)
rPois    x         Reflect  .   (helmet currently unavailable)
rElec    .         Harm     .   (cloak currently unavailable)
rCorr    .         Rampage  .   (gloves currently unavailable)
Will     +....                  (boots currently unavailable)
Stlth    ++........             x - amulet of regeneration
HPRegen  1.24/turn              C - ring "Nezirof" {AC+4 Str+2}
MPRegen  0.15/turn              K - +4 ring of protection

@: lethally poisoned (-5 -> -35), spider-form, corroded
A: tiny, high mp 1
a: End Transformation


You were on level 10 of the Dungeon.
You were a venomous arachnid creature.
You visited 1 branch of the dungeon, and saw 10 of its levels.

You collected 607 gold pieces.
You spent 360 gold pieces at shops.

Inventory:

Hand Weapons
 o - the +0 mace "Beegoonun" (melded) {flame, Int+5}
   (You found it on level 6 of the Dungeon)

   It has been specially enchanted to burn those struck by it, causing extra
   injury to most foes and up to half again as much damage against particularly
   susceptible opponents.
   It affects your intelligence (+5).
Armour
 a - a +0 pair of gloves (melded)
   (You found it on level 4 of the Dungeon)
 b - a +1 pair of boots (melded)
   (You found it on level 1 of the Dungeon)
 g - a +0 helmet (melded)
   (You found it on level 1 of the Dungeon)
 r - a +1 cloak (melded)
   (You took it off Crazy Yiuf on level 6 of the Dungeon)
 E - the +3 robe "Kopakham" (melded) {rElec SInv}
   (You found it on level 4 of the Dungeon)

   It insulates you from electricity.
   It lets you see invisible.
 J - the +3 chain mail "Nacroozagy" {rN+ Will+ Stlth+}
   (You found it on level 7 of the Dungeon)

   It protects you from negative energy.
   It affects your willpower, your defense against some magical effects.
   It makes you more stealthy.
Jewellery
 c - a ring of wizardry
   (You found it on level 5 of the Dungeon)
 d - a ring of positive energy
   (You found it on level 1 of the Dungeon)
 k - a ring of poison resistance
   (You found it on level 9 of the Dungeon)
 n - a ring of ice
   (You found it on level 2 of the Dungeon)
 x - an amulet of regeneration (around neck)
   (You found it on level 7 of the Dungeon)
 z - a +6 ring of dexterity
   (You found it on level 7 of the Dungeon)
 B - a ring of resist corrosion
   (You took it off an orc on level 4 of the Dungeon)
 C - the ring "Nezirof" (left front leg) {AC+4 Str+2}
   (You found it on level 9 of the Dungeon)

   [ring of protection]

   It affects your AC (+4).
   It affects your strength (+2).
 K - a +4 ring of protection (right front leg)
   (You bought it in a shop on level 10 of the Dungeon)
Wands
 f - a wand of acid (19) {@v1}
   (You found it on level 9 of the Dungeon)
 y - a wand of polymorph (8)
   (You took it off Sigmund on level 4 of the Dungeon)
 G - a wand of iceblast (5) {@v2}
   (You found it on level 4 of the Dungeon)
 H - a wand of mindburst (20)
   (You found it on level 7 of the Dungeon)
Scrolls
 l - 4 scrolls of amnesia
 m - a scroll of blinking {@r4}
 s - 2 scrolls of teleportation {@r3 !r}
 A - 3 scrolls of fog {!r}
 F - a scroll of immolation
Potions
 e - 2 potions of heal wounds {@q2 !q}
 h - 2 potions of lignification {@q6}
 i - 2 potions of attraction
 j - 2 potions of invisibility
 p - 2 potions of mutation
 q - a potion of magic {unknown}
 t - 2 potions of curing {@q1 !q}
 u - 5 potions of haste {unknown}
 w - 3 potions of flight
 D - 5 potions of brilliance {unknown}


   Skills:
 - Level 7.0 Fighting
 - Level 3.0 Dodging
 + Level 10.2 Unarmed Combat
 - Level 2.0 Spellcasting
 - Level 8.0 Transmutations
 + Level 1.5 Ice Magic
 - Level 3.0 Poison Magic
 - Level 4.0 Evocations


You had 6 spell levels left.
You knew the following spells:

 Your Spells              Type           Power        Failure   Level
b - Ice Form              Ice/Tmut       28%          32%         4
c - Spider Form           Tmut/Pois      16%          11%         3

Your spell library contained the following spells:

 Spells                   Type           Power        Failure   Level
 Beastly Appendage        Tmut           90%          3%          1
 Wereblood                Tmut           45%          3%          2
 Magic Dart               Conj           8%           24%         1
 Blade Hands              Tmut           22%          24%         5
 Searing Ray              Conj           4%           32%         2
 Dazzling Flash           Conj/Hex       4%           50%         3
 Fulminant Prism          Conj/Hex       1%           85%         4
 Iskenderun's Mystic Bla  Conj/Tloc      2%           85%         4


Dungeon Overview and Level Annotations

Branches:
Dungeon (10/15)            Temple (0/1) D:7
   Lair: D:8-11         Orc: D:9-12

Shops:
D:10 =

Annotations:
D:10 exclusion: door, Erica


Innate Abilities, Weirdness & Mutations

You have an increased reservoir of magic. (+10% MP)


Message History

You hit the centaur warrior but do no damage.
The centaur warrior is almost dead.
The centaur warrior hits you but does no damage.
You punch the centaur warrior! You freeze the centaur warrior.
You kill the centaur warrior!
Your Ice Magic skill increases to level 1!
Things that are here:
a +0 longbow; 20 arrows Unknown command.
HP restored.
You pick up a book of Conjurations and begin reading...
You add the spells Magic Dart, Searing Ray, Dazzling Flash, Fulminant Prism and Iskenderun's Mystic Blast to your library.
Found a grey potion.
Press: ? - help, v - describe, . - travel A closed door.
Placed new exclusion.
Reduced exclusion size to a single square.
D - 5 grey potions (gained 1)
Found a stone staircase leading up.
Found a stone staircase leading down.
There is a stone staircase leading down here.
Your transformation is almost over.
You now have 226 gold pieces (gained 19).
You warm up again.
The +0 mace "Beegoonun" {flame, Int+5} unmelds from your body.
Your +1 cloak unmelds from your body.
Your +0 helmet unmelds from your body.
Your +0 pair of gloves unmelds from your body.
Your +1 pair of boots unmelds from your body.
The +3 robe "Kopakham" {rElec SInv} unmelds from your body.
The +0 mace "Beegoonun" {flame, Int+5} bursts into flame!
i - 2 potions of attraction (gained 1)
Found a stone staircase leading down.
You now have 247 gold pieces (gained 21).
Erica the Fiery-Tempered comes into view.
She is wielding a +2 scimitar of flaming, wearing a +1 robe of willpower and carrying a wand of acid (7).
Erica shouts!
Aiming: Corrosive Bolt
Press: ? - help, Shift-Dir - straight line, f - you
Okay, then.
Okay, then.
Casting: Ice Form (dangerous; 10% risk of failure)
Confirm with . or Enter, or press ? or * to list all spells.
You turn into a venomous arachnid creature.
The +0 mace "Beegoonun" {flame, Int+5} melds into your body.
Your +1 cloak melds into your body.
Your +0 helmet melds into your body.
Your +0 pair of gloves melds into your body.
Your +1 pair of boots melds into your body.
The +3 robe "Kopakham" {rElec SInv} melds into your body.
The +0 mace "Beegoonun" {flame, Int+5} stops flaming.
Okay, then.
Unknown command.
Aiming: Corrosive Bolt
Press: ? - help, Shift-Dir - straight line, f - Erica
Aim: Erica, wielding a +2 scimitar of flaming, wearing a +1 robe of willpower and carrying a wand of acid (7) (29% to evade)
The bolt of acid hits Erica!
Erica is splashed with acid.
The acid corrodes Erica!
Erica is moderately wounded.
Erica casts a spell at herself.
Erica flickers and vanishes!
Deactivating autopickup; reactivate with Ctrl-A.
Okay, then.
As you read the scroll of summoning, it crumbles to dust.
Wisps of shadow whirl around you...
As you read the scroll of summoning, it crumbles to dust.
Wisps of shadow whirl around you...
You hear some strange, mumbled words.
A bolt of poison appears from out of thin air!
The bolt of poison hits your hound zombie.
Your hound zombie completely resists.
The bolt of poison hits your gargoyle.
Your gargoyle completely resists.
The bolt of poison hits you!!
You are poisoned.
The bolt of poison hits your sky beast!
You swap places.
You feel very sick.
You hear a zap.
A bolt of acid appears from out of thin air!
The bolt of acid hits your hound zombie!
Your hound zombie is splashed with acid!
The bolt of acid hits your gargoyle!
Your gargoyle is splashed with acid.
The bolt of acid hits your sky beast!
Your sky beast is splashed with acid!
The acid corrodes your sky beast!
Your sky beast dies!
Your sky beast's corpse dissolves into shadows!
The bolt of acid hits you! The acid corrodes you!
You are splashed with acid!
* * * LOW HITPOINT WARNING * * *
Really quaff
e - 3 potions of heal wounds {@q2 !q}?
You feel much better.
You feel very sick.
You feel sick.
You hear some strange, mumbled words.
A bolt of poison appears from out of thin air!
The bolt of poison hits your hound zombie.
Your hound zombie completely resists.
The bolt of poison hits your gargoyle.
Your gargoyle completely resists.
The bolt of poison hits you!!!
You are more poisoned.
Ouch! That really hurt!
You die...

.......######.#######
#####.........# #
########### # # #
##############
.............#############
############.Z..s.9Z.{....
###############


You could see a friendly gargoyle (summoned), a friendly hound zombie (summoned)
and a friendly howler monkey zombie (summoned).

Vanquished Creatures
  A centaur warrior (D:10)
  2 two-headed ogres (D:9)
  An unseen horror (D:10)
  Pikel (D:5)
  A manticore (D:10)
  Sigmund (D:4)
  A wraith (D:8)
  A wyvern (D:8)
  Menkaure (D:5)
  2 sky beasts (D:6)
  4 orc warriors
  An eye of draining (D:9)
  5 centaurs
  6 ogres
  4 phantoms
  7 bullfrogs
  6 scorpions
  3 killer bees (D:8)
  A jelly (D:7)
  2 bullfrog skeletons
  8 orc priests
  Crazy Yiuf (D:6)
  A centaur skeleton (D:5)
  3 hounds
  2 gnoll shamans
  An iguana (D:5)
  6 orc wizards
  7 worker ants
  A worker ant zombie (D:5)
  17 gnolls
  7 adders
  A shadow imp (D:9)
  3 white imps
  3 ufetubi
  An ooze (D:3)
  An adder skeleton (D:4)
  An adder zombie (D:6)
  5 worms
  3 dart slugs
  6 leopard geckos
  33 orcs
  10 bats
  A giant cockroach (D:6)
  6 goblins
  8 hobgoblins
  14 jackals
  7 quokkas
  A ball python (D:6)
  8 frilled lizards
  9 kobolds
  5 rats
231 creatures vanquished.

Notes
Turn   | Place    | Note
-------+----------+-------------------------------------------
     0 | D:1      | EnegeticOcto the Demigod Transmuter began the quest for the
                  | Orb.
     0 | D:1      | Reached XP level 1. HP: 15/15 MP: 5/5
    67 | D:1      | Reached skill level 1 in Fighting
   157 | D:1      | Reached skill level 3 in Unarmed Combat
   168 | D:1      | Reached skill level 2 in Transmutations
   358 | D:1      | Reached XP level 2. HP: 22/23 MP: 5/7
   472 | D:1      | HP: 1/23 [kobold/+0 short sword (7)]
  1301 | D:2      | Reached skill level 3 in Transmutations
  1407 | D:2      | Reached XP level 3. HP: 25/28 MP: 6/8
  1419 | D:2      | Learned a level 3 spell: Spider Form
  1878 | D:2      | Reached skill level 1 in Poison Magic
  2265 | D:3      | Reached skill level 2 in Poison Magic
  2290 | D:3      | Noticed an ogre
  2322 | D:2      | Reached XP level 4. HP: 17/35 MP: 7/9
  2886 | D:3      | Killed an ogre
  2887 | D:3      | Reached skill level 3 in Poison Magic
  2887 | D:3      | Reached skill level 2 in Spellcasting
  2887 | D:3      | Reached skill level 2 in Fighting
  2887 | D:3      | Reached skill level 2 in Dodging
  2887 | D:3      | Reached XP level 5. HP: 14/41 MP: 6/10
  3953 | D:4      | Found a hazy altar of Hepliaklqana.
  4026 | D:4      | Noticed Sigmund
  4043 | D:4      | Killed Sigmund
  4044 | D:4      | Reached skill level 3 in Dodging
  4044 | D:4      | Reached skill level 4 in Transmutations
  4044 | D:4      | Reached XP level 6. HP: 44/48 MP: 9/11
  4070 | D:4      | Found an ancient bone altar of Kikubaaqudgha.
  4413 | D:4      | Reached skill level 4 in Unarmed Combat
  4417 | D:4      | Got a slimy robe
  4427 | D:4      | Identified the +3 robe "Kopakham" {rElec SInv} (You found
                  | it on level 4 of the Dungeon)
  4592 | D:4      | Reached XP level 7. HP: 35/55 MP: 3/13
  5016 | D:5      | Entered Level 5 of the Dungeon
  5086 | D:5      | Reached skill level 5 in Transmutations
  5345 | D:5      | Noticed Menkaure
  5348 | D:5      | Killed Menkaure
  5348 | D:5      | Noticed Pikel
  5349 | D:5      | Reached skill level 5 in Unarmed Combat
  5396 | D:5      | Killed Pikel
  5397 | D:5      | Reached skill level 6 in Unarmed Combat
  5397 | D:5      | Reached skill level 3 in Fighting
  5397 | D:5      | Reached XP level 8. HP: 39/63 MP: 11/14
  5608 | D:5      | Learned a level 4 spell: Ice Form
  5791 | D:5      | Reached skill level 6 in Transmutations
  5796 | D:5      | Reached skill level 4 in Fighting
  6754 | D:6      | Found a glowing silver altar of Zin.
  6803 | D:6      | Reached skill level 5 in Fighting
  6984 | D:6      | Reached XP level 9. HP: 40/74 MP: 11/15
  7623 | D:6      | Reached skill level 7 in Unarmed Combat
  7623 | D:6      | Reached skill level 7 in Transmutations
  7656 | D:6      | Found a runed translucent door.
  7657 | D:6      | Noticed Crazy Yiuf
  7665 | D:6      | Killed Crazy Yiuf
  7668 | D:6      | Got an ancient mace
  7668 | D:6      | Identified the +0 mace "Beegoonun" {flame, Int+5} (You
                  | found it on level 6 of the Dungeon)
  8497 | D:7      | Reached skill level 1 in Evocations
  8508 | D:7      | Found a radiant altar of Vehumet.
  8512 | D:7      | Reached skill level 6 in Fighting
  8547 | D:7      | Got a twisted chain mail
  8557 | D:7      | Identified the +3 chain mail "Nacroozagy" {rN+ Will+
                  | Stlth+} (You found it on level 7 of the Dungeon)
  8584 | D:7      | Found a staircase to the Ecumenical Temple.
  9230 | D:8      | Reached skill level 2 in Evocations
  9483 | D:8      | Found an ornate altar of the Wu Jian Council.
  9625 | D:8      | Found a glowing golden altar of the Shining One.
 10331 | D:9      | Reached skill level 8 in Unarmed Combat
 10427 | D:9      | Reached skill level 8 in Transmutations
 10427 | D:9      | Reached XP level 10. HP: 84/84 MP: 4/16
 10431 | D:9      | Got a fine bronze ring
 10433 | D:9      | Identified the ring "Nezirof" {AC+4 Str+2} (You found it on
                  | level 9 of the Dungeon)
 10566 | D:9      | Reached skill level 3 in Evocations
 10585 | D:9      | Noticed a two-headed ogre
 10642 | D:9      | Killed a two-headed ogre
 10643 | D:9      | Reached skill level 7 in Fighting
 10653 | D:9      | Found an ornate altar of the Wu Jian Council.
 10760 | D:9      | Found a basalt altar of Yredelemnul.
 10760 | D:9      | Found a shimmering altar of Xom.
 10762 | D:9      | Found an iron altar of Okawaru.
 10762 | D:9      | Found a snail-covered altar of Cheibriados.
 10762 | D:9      | Found a shimmering altar of Xom.
 10762 | D:9      | Noticed a two-headed ogre
 10790 | D:9      | Killed a two-headed ogre
 10791 | D:9      | Reached skill level 9 in Unarmed Combat
 10791 | D:9      | Reached skill level 4 in Evocations
 10956 | D:9      | Found a sacrificial altar of Ru.
 10961 | D:9      | Found a blossoming altar of Fedhas.
 10963 | D:9      | Found a shimmering altar of Xom.
 11046 | D:10     | Entered Level 10 of the Dungeon
 11046 | D:10     | Found Comeoposm's Jewellery Shop.
 11047 | D:10     | Noticed an unseen horror
 11073 | D:10     | Killed an unseen horror
 11123 | D:10     | Bought a +4 ring of protection for 360 gold pieces
 11227 | D:10     | Noticed a centaur warrior
 11227 | D:10     | Noticed a manticore
 11251 | D:10     | Killed a manticore
 11252 | D:10     | Reached skill level 10 in Unarmed Combat
 11447 | D:10     | Killed a centaur warrior
 11448 | D:10     | Reached skill level 1 in Ice Magic
 11588 | D:10     | Noticed Erica
 11595 | D:10     | Killed from afar by Erica

Illustrated notes

Levels and vault maps discovered:
D:1:      mrwooster_arrival_statue, layout_rooms
D:2:      minmay_skewed_foursquare, layout_basic
D:3:      layout_basic
D:4:      kennysheep_six_static_rooms, layout_layer_cave,
          kiku_gazebo_pond_becter, lemuel_crystal_altar, uniq_sigmund
D:5:      layout_loops_ring, uniq_menkaure, uniq_pikel
D:6:      layout_rooms, old_standard_altar, grunt_ministairs_3,
          roderic_lattice_a, uniq_crazy_yiuf_cottage
D:7:      layout_basic, vehumet_crystals, minmay_temple_entry_from_below_a
D:8:      layout_gridville, nicolae_overflow_hidden_temple, marbit_many_paths
D:9:      layout_cave_pools, minitemple, doesnt_xom_only_xom
D:10:     minmay_slanted_spiral_squares, layout_loops_ring, serial_shops,
          nicolae_shop_stone, uniq_erica

Skill      XL: |  1  2  3  4  5  6  7  8  9 10 |
---------------+-------------------------------+-----
Fighting       | 1 2 3 5 6 7 |  7.0
Unarmed Combat | 3 4 6 8 10 | 10.2
Transmutations | 2 3 4 5 6 8 |  8.0
Poison Magic   | 2 3 |  3.0
Spellcasting   | 2 |  2.0
Dodging        | 2 3 |  3.0
Evocations     | 2 4 |  4.0
Ice Magic      | 1 |  1.5

Action                   |  1- 3 |  4- 6 |  7- 9 | 10-12 || total
-------------------------+-------+-------+-------+-------++-------
Melee: Unarmed           |   131 |   114 |   405 |    87 ||   737
       Kick              |    23 |     9 |       |       ||    32
       Headbutt          |    12 |     8 |       |       ||    20
       Punch             |     1 |       |       |       ||     1
       Mace              |       |       |     8 |       ||     8
 Cast: Beastly Appendage |    29 |     7 |       |       ||    36
       Spider Form       |     5 |    16 |    49 |    10 ||    80
       Ice Form          |       |       |     7 |     4 ||    11
 Abil: End Transformatio |       |       |     2 |       ||     2
Evoke: Wand              |       |       |     3 |     1 ||     4
  Use: Scroll            |     2 |     2 |    21 |     4 ||    29
       Potion            |       |       |       |     1 ||     1
 Stab: Sleeping          |       |     1 |     2 |       ||     3
Armor: Robe              |    25 |     7 |     4 |     3 ||    39
       Skin              |       |     2 |    16 |    13 ||    31
Dodge: Dodged            |    81 |    99 |   320 |    74 ||   574

Table legend: (Time is in decaauts)
 A = Elapsed time spent in this place.
 B = Non-inter-level travel time spent in this place.
 C = Inter-level travel time spent in this place.
 D = Time resting spent in this place.
 E = Time spent auto-exploring this place.
 F = Levels seen in this place.
 G = Mean time per level.
                   A        B        C        D        E       F      G
               +--------+--------+--------+--------+--------+-----+--------+
         Total |  11508 |  11146 |    362 |    652 |   8205 |  10 | 1150.8 |
       Dungeon |  11508 |  11146 |    362 |    652 |   8205 |  10 | 1150.8 |
               +--------+--------+--------+--------+--------+-----+--------+

Top non-repeatable levels by time:
     D:3: 1597 daAuts
     D:5: 1424 daAuts
     D:6: 1345 daAuts
     D:7: 1222 daAuts
     D:4: 1186 daAuts
     D:2: 1177 daAuts
     D:8: 1122 daAuts
     D:1: 1038 daAuts
     D:9: 851 daAuts
    D:10: 541 daAuts
